 Dungeon Crawl Stone Soup version 0.19-a0-997-gd62de01 (webtiles) character file.

114 AlphabetPasta the Grasshopper (level 4, 0/20 HPs)
             Began as a Felid Warper on July 17, 2016.
             Slain by an orc
             ... wielding a +0 mace
              (6 damage)
             ... on level 3 of the Dungeon.
             The game lasted 00:11:47 (3825 turns).

AlphabetPasta the Grasshopper (Felid Warper)        Turns: 3825, Time: 00:11:48

Health: 0/20       AC:  1    Str:  7    XL:     4   Next: 66%
Magic:  9/9        EV: 19    Int: 16    God:
Gold:   129        SH:  0    Dex: 15    Spells: 3 memorised, 3 levels left
                                        Lives:  0   Deaths: 1

rFire  . . .     SeeInvis +       - Unarmed
rCold  . . .     Gourm    .     (armour unavailable)
rNeg   . . .     Faith    .     (shield unavailable)
rPois  .         Spirit   .     (helmet unavailable)
rElec  .         Dismiss  .     (cloak unavailable)
rCorr  .         Reflect  .     (gloves unavailable)
SustAt .         Harm     .     (boots unavailable)
MR     .....                    (no amulet)
Stlth  +++.......               (no ring)
                                (no ring)

@: quick, not resistant to hostile enchantments, fairly stealthy
A: no armour, no weapons or thrown items, claws 1, fangs 3, see invisible,
carnivore 3, speed 1, shaggy fur 1, slow metabolism 1, sharp paws
a: no special abilities


You were on level 3 of the Dungeon.
You were very full.

You visited 1 branch of the dungeon, and saw 3 of its levels.

You collected 129 gold pieces.

Inventory:

Jewellery
 d - an uncursed ring of protection from fire {unknown}
 m - an uncursed amulet of guardian spirit {unknown}
Wands
 i - a wand of lightning (0/15)
 k - a wand of iceblast (0/15)
Scrolls
 b - a scroll of blinking
 f - a scroll of enchant weapon {unknown}
 h - a scroll of enchant armour {unknown}
 l - a scroll of random uselessness {unknown}
Potions
 g - a potion of berserk rage {unknown}
Books
 a - a book of Spatial Translocations

   Spells                             Type                      Level
   a - Apportation                    Translocation                1
   b - Blink                          Translocation                2
   c - Shroud of Golubria             Charms/Translocation         2
   d - Portal Projectile              Translocation                3
   e - Teleport Other                 Translocation                3
   f - Passage of Golubria            Translocation                4
Comestibles
 c - 4 meat rations


   Skills:
 + Level 2.9 Fighting
 + Level 4.0 Dodging
 + Level 2.6 Stealth
 + Level 2.8 Unarmed Combat
 + Level 2.8 Spellcasting
 + Level 5.3 Translocations
 + Level 1.0 Evocations


You had 3 spell levels left.
You knew the following spells:

 Your Spells              Type           Power        Failure   Level  Hunger
a - Apportation           Tloc           ###.......   1%          1    #......
b - Blink                 Tloc           N/A          3%          2    ##.....
c - Shroud of Golubria    Chrm/Tloc      ##........   12%         2    ##.....


Dungeon Overview and Level Annotations

Branches:
Dungeon (3/15)

Altars:

Annotations:
D:3 Ijyb


Innate Abilities, Weirdness & Mutations

You cannot wear armour.
You are incapable of wielding weapons or throwing items.
You have sharp claws.
You have razor-sharp teeth.
You have supernaturally acute eyesight. (SInv)
You are carnivorous and can eat meat at any time.
You cover ground quickly.
You are covered in fur. (AC +1)
You have a slow metabolism.
Your sharp claws are effective at attacking unaware monsters.


Message History

The orc closely misses you.
You scratch the orc but do no damage.
The orc is moderately wounded.
The orc misses you.
You completely miss the orc.
The orc is moderately wounded.
The orc hits you with a mace.
* * * LOW HITPOINT WARNING * * *
You scratch the orc but do no damage. Your bite misses the orc.
The orc is moderately wounded.
The orc barely misses you.
You scratch the orc.
The orc is heavily wounded.
You scratch the orc.
The orc is almost dead.
The orc closely misses you.
You barely miss the orc.
The orc is almost dead.
The orc hits you with a mace.
You die...

### #### #.## #### #..
#.. ..# #o# #.# #.# #@#
#.#########.####.######
.....).........)........
#.#########+#.##.#######
#'## ...##.# ...#
.....##.. ...#
..$....##### ...#
..##+#.# ...# . #.#


You could see an orc.

Vanquished Creatures
  2 orc priests (D:3)
  2 adders (D:2)
  An ooze (D:1)
  3 worms
  4 dart slugs (D:2)
  2 giant geckos
  10 orcs (D:3)
  4 giant cockroaches
  9 hobgoblins
  5 bats
  7 giant newts
  15 goblins
  9 kobolds
  8 rats
81 creatures vanquished.

Notes
Turn   | Place    | Note
-------+----------+-------------------------------------------
     0 | D:1      | AlphabetPasta the Felid Warper began the quest for the Orb.
     0 | D:1      | Reached XP level 1. HP: 9/9 MP: 4/4
   192 | D:1      | Reached XP level 2. HP: 13/13 MP: 6/6
   489 | D:1      | Reached skill level 1 in Stealth
   555 | D:1      | Learned a level 2 spell: Blink
   558 | D:1      | Learned a level 2 spell: Shroud of Golubria
  1139 | D:2      | Reached XP level 3. HP: 16/16 MP: 7/7
  1499 | D:2      | Found a faded altar of an unknown god.
  2118 | D:2      | Reached skill level 5 in Translocations
  2118 | D:2      | Reached XP level 4. HP: 20/20 MP: 5/8
  3242 | D:3      | Noticed Ijyb
  3396 | D:3      | Reached XP level 5. HP: 24/24 MP: 8/10
  3403 | D:3      | Killed from afar by an orc wizard
  3404 | D:3      | Reached XP level 4. HP: -6/20 MP: 9/9
  3800 | D:3      | Reached skill level 1 in Evocations
  3825 | D:3      | Slain by an orc

Vault maps used:
D:1:      mrwooster_arrival_statue_3, minmay_tromino_i2
D:2:      ecumenical_altar_1, st_stairs_14
D:3:      uniq_iyjb

Skill      XL: |  1  2  3  4 |
---------------+-------------+-----
Stealth        | 1 2 |  2.6
Translocations | 5 |  5.3
Evocations     | 1 |  1.0
Dodging        | 4 |  4.0
Fighting       | |  2.9
Unarmed Combat | |  2.8
Spellcasting   | |  2.8

Action                   |  1- 3 |  4- 6 || total
-------------------------+-------+-------++-------
Melee: Unarmed           |   150 |   123 ||   273
       Bite              |     8 |    14 ||    22
       Punch             |     3 |     2 ||     5
 Cast: Shroud of Golubri |     4 |     2 ||     6
Evoke: Wand              |       |     3 ||     3
  Use: Potion            |       |     1 ||     1
 Stab: Sleeping          |     9 |     7 ||    16
  Eat: Chunk             |    10 |     8 ||    18
Armor: Skin              |     6 |     3 ||     9
Dodge: Dodged            |   108 |    57 ||   165
